 Dungeon Crawl Stone Soup version 0.20-a0-705-gbe8799e (webtiles) character file.

3532 Niddhogr the Spear-Bearer (level 10, -16/73 (74) HPs)
             Began as a Formicid Fighter on Jan 23, 2017.
             Demolished by a two-headed ogre
             ... wielding a +0 giant club
              (20 damage)
             ... on level 8 of the Dungeon on Feb 21, 2017.
             The game lasted 00:23:21 (9936 turns).

Niddhogr the Spear-Bearer (Formicid Fighter)        Turns: 9936, Time: 00:23:21

HP:   -16/73 (74)   AC: 11    Str: 24    XL:     10   Next: 29%
MP:   10/10         EV: 11    Int: 10    God:
Gold: 393           SH: 10    Dex: 10    Spells: 7/9 levels left

rFire    . . .     SeeInvis +   a - +1 scythe (vamp)
rCold    . . .     Gourm    .   b - +0 scale mail
rNeg     . . .     Faith    .   c - +0 shield
rPois    .         Spirit   .   (helmet unavailable)
rElec    .         Reflect  .   M - +1 cloak
rCorr    .         Harm     .   h - +1 pair of gloves
MR       +....                  (no boots)
Stlth    ..........             y - amulet of magic regeneration
Regen    0.3/turn               (no ring)
MPRegen  0.2/turn               g - +2 ring of intelligence

@: no status effects
A: permanent stasis, dig shafts and tunnels, four strong arms, antennae 3
a: Dig, Shaft Self


You were on level 8 of the Dungeon.
You were not hungry.

You visited 2 branches of the dungeon, and saw 9 of its levels.

You collected 393 gold pieces.

Inventory:

Hand Weapons
 a - a +1 vampiric scythe (weapon)
 q - a +1 antimagic spear
Armour
 b - a +0 scale mail (worn)
 c - a +0 shield (worn)
 h - a +1 pair of gloves (worn)
 M - a +1 cloak (worn)
Jewellery
 g - a +2 ring of intelligence (left hand)
 y - an amulet of magic regeneration (around neck)
Wands
 x - a wand of iceblast (5/15)
 L - a wand of flame (22/48)
 P - a wand of random effects (7/48)
 R - a wand of disintegration (11/24)
Scrolls
 m - a scroll of enchant armour
 n - a scroll of fear {unknown}
 o - 2 scrolls of magic mapping {unknown}
 p - a scroll of recharging {unknown}
 r - a scroll of noise {unknown}
 t - 2 scrolls of enchant weapon
 w - a scroll of remove curse
 A - a scroll of immolation {unknown}
 H - a scroll of blinking {unknown}
 K - 2 scrolls of random uselessness {unknown}
 N - 2 scrolls of amnesia
 O - a scroll of fog {unknown}
Potions
 d - 2 potions of might
 e - 2 potions of resistance
 i - a potion of curing {unknown}
 l - a potion of degeneration {unknown}
 s - a potion of heal wounds {unknown}
 u - a potion of haste {unknown}
 z - 2 potions of invisibility
 B - 2 potions of cancellation
 C - a potion of ambrosia {unknown}
 D - a potion of lignification {unknown}
 F - a potion of magic {unknown}
 G - a potion of berserk rage {unknown}
 I - a potion of flight {unknown}
 J - 2 potions of mutation {unknown}
Books
 j - a book of Cantrips

   Spells                             Type                      Level
   a - Confusing Touch                Hexes                        1
   b - Animate Skeleton               Necromancy                   1
   c - Summon Small Mammal            Summoning                    1
   d - Apportation                    Translocation                1
Comestibles
 f - 5 bread rations
 k - 5 fruits
 v - 3 meat rations
 E - 2 royal jellies
 Q - 13 chunks of flesh


   Skills:
 - Level 5.0 Fighting
 + Level 11.5 Polearms
 - Level 5.0 Armour
 - Level 5.0 Dodging
 - Level 5.1 Shields


You had 7 spell levels left.
You knew the following spells:

 Your Spells              Type           Power        Failure   Level  Hunger
a - Animate Skeleton      Necr           N/A          99%         1    ##.....
b - Apportation           Tloc           #.....       99%         1    ##.....


Dungeon Overview and Level Annotations

Branches:
Dungeon (8/15)             Temple (1/1) D:5
   Lair: D:8-11

Altars:
Ashenzari
Cheibriados
Dithmenos
Fedhas
Gozag
Hepliaklqana
Kikubaaqudgha
Makhleb
Nemelex Xobeh
Qazlal
Ru
Trog
Uskayaw
Vehumet
Xom
Zin
The Shining One

Shops:
D:6 [


Innate Abilities, Weirdness & Mutations

You cannot be hasted, slowed, berserked, paralysed or teleported.
You can dig through walls and to a lower floor.
Your four strong arms can wield two-handed weapons with a shield.
You have a pair of large antennae on your head. (SInv)


Message History

You block the two-headed ogre's attack.
You hit the two-headed ogre.
You feel better.
The two-headed ogre is lightly wounded.
The two-headed ogre hits you with a giant club!!
The two-headed ogre hits you with a giant club!
You are too injured to fight recklessly!
You hit the two-headed ogre but do no damage.
The two-headed ogre is lightly wounded.
The two-headed ogre closely misses you.
The two-headed ogre hits you with a giant club!
You closely miss the two-headed ogre.
The two-headed ogre is lightly wounded.
The two-headed ogre barely misses you.
The two-headed ogre hits you with a giant club.
Your scale mail prevents you from hitting the two-headed ogre.
The two-headed ogre is lightly wounded.
The two-headed ogre hits you with a giant club!!
* * * LOW HITPOINT WARNING * * *
The two-headed ogre hits you with a giant club!!
You die...

..PPP..#
#.#)#
.PP...##
#.#.#
PP_PP.##
#.#.#
PP..P..#
#.#.#
(PPPP).#
#.#.#
(((.(..#
#.#.#
###....#
#.#
(..(..##
#.#
)####.#
#@# .#
#.# #O#
.# #..
#.# >#
#[.. #.#
.# ...#
#.# .#
.. #..
.. ###
.. ##


You could see a two-headed ogre.

Vanquished Creatures
  Grinder (D:5)
  Prince Ribbit (D:6)
  Sigmund (D:2)
  Eustachio (D:5)
  Edmund (D:6)
  An ice beast (D:7)
  A sky beast (D:7)
  A necrophage (D:5)
  A phantom (D:5)
  2 ogres
  4 centaurs
  A crocodile (D:8)
  A gnoll sergeant (D:6)
  3 bullfrogs
  2 scorpions
  4 howler monkeys
  3 crimson imps
  A centaur zombie (D:6)
  A bullfrog zombie (D:5)
  6 hounds
  3 orc priests
  3 iguanas
  A jelly (D:7)
  5 orc wizards
  Crazy Yiuf (D:2)
  Ijyb (D:2)
  2 bullfrog skeletons (D:5)
  Terence (D:3)
  A centaur skeleton (D:6)
  5 worker ants
  2 hound skeletons
  A howler monkey zombie (D:6)
  5 gnolls
  10 adders
  2 shadow imps
  2 oozes
  An adder skeleton (D:6)
  3 worms
  5 dart slugs
  9 leopard geckos
  20 orcs
  4 bats
  8 giant cockroaches
  6 goblins
  12 hobgoblins
  6 jackals
  9 kobolds
  3 quokkas
  A frilled lizard (D:3)
  A leopard gecko skeleton (D:6)
  A quokka skeleton (D:5)
  6 rats
177 creatures vanquished.

Vanquished Creatures (others)
  A bush (D:8)
1 creature vanquished.

Grand Total: 178 creatures vanquished

Notes
Turn   | Place    | Note
-------+----------+-------------------------------------------
     0 | D:1      | Niddhogr the Formicid Fighter began the quest for the Orb.
     0 | D:1      | Reached XP level 1. HP: 18/18 MP: 1/1
     3 | D:1      | Noticed an electric eel
     3 | D:1      | Noticed an electric eel
    57 | D:1      | Reached XP level 2. HP: 23/24 MP: 2/2
   115 | D:1      | Reached skill level 3 in Polearms
   238 | D:1      | Reached XP level 3. HP: 29/29 MP: 3/3
   732 | D:2      | Reached XP level 4. HP: 27/35 MP: 4/4
   733 | D:2      | Upgraded the game from 0.20-a0-513-g02c11fc to 0.20-a0-705-gbe8799e
   793 | D:2      | Reached skill level 4 in Polearms
   955 | D:2      | Found a stormy altar of Qazlal.
   981 | D:2      | Found a sparkling altar of Nemelex Xobeh.
  1089 | D:2      | Noticed Sigmund
  1090 | D:2      | Noticed Ijyb
  1106 | D:2      | Killed Sigmund
  1106 | D:2      | Reached skill level 6 in Polearms
  1106 | D:2      | Reached XP level 5. HP: 25/41 MP: 1/5
  1106 | D:2      | Reached XP level 6. HP: 29/47 MP: 2/6
  1135 | D:2      | Killed Ijyb
  1324 | D:2      | Found a runed door.
  1328 | D:2      | Noticed Crazy Yiuf
  1334 | D:2      | Killed Crazy Yiuf
  1555 | D:3      | Noticed Terence
  1561 | D:3      | Killed Terence
  1725 | D:3      | Learned a level 1 spell: Animate Skeleton
  1727 | D:3      | Learned a level 1 spell: Apportation
  1789 | D:3      | Reached XP level 7. HP: 55/55 MP: 7/7
  1834 | D:3      | Reached skill level 5 in Fighting
  1843 | D:3      | Found a shadowy altar of Dithmenos.
  2279 | D:3      | Found a shadowy altar of Dithmenos.
  2915 | D:4      | Reached skill level 7 in Polearms
  3173 | D:4      | Found a glowing golden altar of the Shining One.
  4043 | D:4      | Found a glowing golden altar of the Shining One.
  4332 | D:4      | Reached XP level 8. HP: 62/62 MP: 8/8
  4757 | D:4      | Reached skill level 8 in Polearms
  5088 | D:5      | Entered Level 5 of the Dungeon
  5089 | D:5      | Noticed Eustachio
  5121 | D:5      | Killed Eustachio
  5135 | D:5      | Found an opulent altar of Gozag.
  5154 | D:5      | Noticed Grinder
  5204 | D:5      | Killed Grinder
  5204 | D:5      | Reached skill level 9 in Polearms
  5689 | D:5      | Reached skill level 10 in Polearms
  5689 | D:5      | Reached XP level 9. HP: 62/67 MP: 9/9
  5746 | D:5      | Found a staircase to the Ecumenical Temple.
  5762 | Temple   | Entered the Ecumenical Temple
  6707 | D:5      | Reached skill level 5 in Shields
  6711 | D:5      | Found an opulent altar of Gozag.
  6733 | D:5      | Found a staircase to the Ecumenical Temple.
  7097 | D:6      | Noticed Edmund
  7107 | D:6      | Killed Edmund
  7126 | D:6      | Reached skill level 5 in Armour
  7141 | D:6      | Found Mena's Armour Shop.
  7205 | D:6      | Reached skill level 1 in Dodging
  7365 | D:6      | Noticed Prince Ribbit
  7383 | D:6      | Killed Prince Ribbit
  7763 | D:6      | Found Mena's Armour Shop.
  8343 | D:2      | Found a radiant altar of Vehumet.
  8424 | D:7      | Found a burning altar of Makhleb.
  8456 | D:7      | Reached skill level 5 in Dodging
  8513 | D:7      | Reached XP level 10. HP: 65/73 MP: 10/10
  8660 | D:7      | Got a shimmering leather armour
  8671 | D:7      | Identified the +0 leather armour "Ekuom" {rCorr Stlth+} (You found it on level 7 of the Dungeon)
  8927 | D:7      | Reached skill level 11 in Polearms
  9387 | D:7      | Found a burning altar of Makhleb.
  9772 | D:8      | Found a blossoming altar of Fedhas.
  9928 | D:8      | Noticed a two-headed ogre
  9936 | D:8      | Demolished by a two-headed ogre

Vault maps used:
D:1:      arrival_aquarium_b, bh_walls_and_bars
D:2:      nicolae_overflow_crystal_walls, nicolae_overflow_hidden_temple,
          nicolae_qazlal_eye_of_the_storm, uniq_sigmund,
          uniq_crazy_yiuf_cottage, uniq_iyjb
D:3:      lemuel_round_altar, uniq_terence
D:4:      tso_altar, first_bread, serial_forest, infiniplex_forest_lined_room_2,
          infiniplex_forest_lined_3, infiniplex_forest_straight_4,
          infiniplex_forest_straight_2, infiniplex_forest_straight_2,
          infiniplex_forest_clump_diagonal
D:5:      grunt_gozag_breadcrumbs, minmay_temple_entry_nine_rooms,
          uniq_eustachio, uniq_grinder
D:6:      serial_shops, shop, grunt_ministairs_14, uniq_prince_ribbit1,
          uniq_edmund
D:7:      kennysheep_mini_moat
D:8:      fedhas_bush_and_centaur_altar, the_bakery, minmay_pinched_square
Temple:   compressed_dpeg_triangle_lava_temple

Skill      XL: |  1  2  3  4  5  6  7  8  9 10 |
---------------+-------------------------------+-----
Polearms       | 3 6 7 10 11 | 11.5
Fighting       | 4 5 |  5.0
Shields        | 5 |  5.1
Armour         | 5 |  5.0
Dodging        | 5 |  5.0

Action                   |  1- 3 |  4- 6 |  7- 9 | 10-12 || total
-------------------------+-------+-------+-------+-------++-------
Melee: Trident           |   105 |    21 |       |       ||   126
       Spear             |       |    44 |       |       ||    44
       Scythe            |       |    60 |   385 |    93 ||   538
Evoke: Wand              |       |       |     2 |       ||     2
  Use: Scroll            |       |       |     3 |     4 ||     7
  Eat: Chunk             |       |     3 |    19 |     5 ||    27
       Meat ration       |       |     1 |       |       ||     1
       Fruit             |       |       |     3 |       ||     3
Armor: Scale mail        |    23 |    36 |   157 |    39 ||   255
Dodge: Dodged            |    15 |    24 |   126 |    56 ||   221
Block: Shield            |    39 |    47 |   196 |    45 ||   327
